 Dungeon Crawl Stone Soup version 0.28.0-53-g5a82cb258f (webtiles) character file.

Game seed: 4217202764921007615

233 Ashen the Chiller (level 6, -2/59 HPs)
             Began as an Ogre Ice Elementalist on June 18, 2022.
             Slain by Grinder (8 damage)
             ... while paralysed by Grinder
             ... on level 3 of the Dungeon.
             The game lasted 00:10:01 (3003 turns).

Ashen the Chiller (Ogre Ice Elementalist)           Turns: 3003, Time: 00:10:02

Health: -2/59      AC:  3    Str: 13    XL:     6   Next: 5%
Magic:  0/11       EV:  1    Int: 24    God:
Gold:   32         SH:  0    Dex:  9    Spells: 5/12 levels left

rFire   . . .      SeeInvis .   r - +0 flail
rCold   . . .      Faith    .   (no shield)
rNeg    . . .      Spirit   .   a - +0 robe
rPois   .          Reflect  .   (helmet restricted)
rElec   .          Harm     .   (no cloak)
rCorr   +          Rampage  .   (gloves unavailable)
Will    .....                   (boots unavailable)
Stlth   ++........              c - amulet of the acrobat
HPRegen 0.19/turn               f - +6 ring of intelligence
MPRegen 0.12/turn               n - ring of resist corrosion

@: paralysed, freezing walls
A: large, unfitting armour, tough skin 1
a: no special abilities


You were on level 3 of the Dungeon.
You visited 1 branch of the dungeon, and saw 3 of its levels.

You collected 184 gold pieces.
You spent 152 gold pieces at shops.

Inventory:

Hand Weapons
 r - a +0 flail (weapon)
Missiles
 s - 2 throwing nets
Armour
 a - a +0 robe (worn)
 g - a +0 tower shield
Jewellery
 c - an amulet of the acrobat (around neck)
 f - a +6 ring of intelligence (left hand)
 j - a ring of poison resistance
 n - a ring of resist corrosion (right hand)
Scrolls
 b - a scroll of noise {unknown}
 d - 2 scrolls of fear {unknown}
 e - a scroll of immolation {unknown}
 i - 2 scrolls of silence {unknown}
 k - a scroll of blinking
 p - a scroll of holy word {unknown}
 q - a scroll of fog {unknown}
Potions
 h - 2 potions of curing
 l - 2 potions of resistance
 m - a potion of attraction {unknown}
 o - a potion of might {unknown}


   Skills:
 + Level 2.8 Fighting
 + Level 1.5 Maces & Flails
 + Level 2.7 Dodging
 + Level 2.3 Stealth
 - Level 0.1 Shields
 + Level 3.5 Spellcasting
 + Level 4.2 Ice Magic


You had 5 spell levels left.
You knew the following spells:

 Your Spells              Type           Power      Damage    Failure   Level
a - Freeze                Ice            96%        1d11      1%          1
b - Frozen Ramparts       Ice            48%        1d6       5%          3
c - Ozocubu's Armour      Ice            24%        N/A       5%          3

Your spell library contained the following spells:

 Spells                   Type           Power      Damage    Failure   Level
 Hailstorm                Conj/Ice       14%        3d5       38%         4


Dungeon Overview and Level Annotations

Branches:
Dungeon (3/15)

Altars:
The Shining One

Shops:
D:1 ?   D:3 *

Annotations:
D:3 Grinder


Innate Abilities, Weirdness & Mutations

You are too large for most types of armour.
You have tough skin. (AC +1)


Message History

Grinder is lightly wounded.
Grinder completely resists.
The wall freezes Grinder but does no damage.
Grinder hits you.
You writhe in agony.
You closely miss Grinder.
Grinder is lightly wounded.
The frozen ramparts melt away.
Grinder hits you! Grinder barely misses you.
Casting: Freeze (safe; 1% risk of failure)
Confirm with . or Enter, or press ? or * to list all spells.
Casting: Frozen Ramparts (dangerous; 5% risk of failure)
Press: ? - help, Dir - look around, f - activate The walls around you are covered in ice.
Grinder resists.
The wall freezes Grinder.
Grinder closely misses you.
You hit Grinder.
Grinder is moderately wounded.
Grinder resists.
The wall freezes Grinder.
Grinder grins, showing sharp teeth.
Grinder hits you!
You writhe in agony.
You barely miss Grinder. Your punch misses Grinder.
Grinder is moderately wounded.
Grinder resists.
The wall freezes Grinder.
Grinder gestures at you.
You suddenly lose the ability to move!
Grinder resists.
The wall freezes Grinder.
Grinder says, "You look like you could use a good racking."
Grinder hits you.
Grinder completely resists.
The wall freezes Grinder but does no damage.
Grinder hits you.
* * * LOW HITPOINT WARNING * * *
You writhe in agony.
* * * LOW HITPOINT WARNING * * *
Grinder completely resists.
The wall freezes Grinder but does no damage.
Grinder hits you!
* * * LOW HITPOINT WARNING * * *
Grinder completely resists.
The wall freezes Grinder but does no damage.
Grinder hits you!
You die...

.#...# ##.......... .#...
##......... .... #.......[.
##... #......... #...#
##.#...#.. # ###...# #...#.##.
####.#....# #.....##.
#........##############........
?...#....)))5@...........#....
........###############......#.
.....#..# #........ .........
#.....##. .....#@.# ##.#..###.
......... #..#..# #. ....#####
##.##..# #. ... ##..##..# #.
#..###..# #.


You could see Grinder.

Vanquished Creatures
  An orc priest (D:2)
  Jessica (D:3)
  An orc wizard (D:2)
  Robin (D:3)
  3 gnolls
  3 adders
  2 worms (D:2)
  3 orcs (D:2)
  9 ball pythons
  5 endoplasms
  A giant cockroach (D:3)
  11 goblins
  4 hobgoblins
  3 jackals (D:1)
  3 quokkas
  8 bats
  6 frilled lizards
  6 kobolds
  6 rats
77 creatures vanquished.

Vanquished Creatures (others)
  A bat (D:1)
  3 toadstools (D:1)
4 creatures vanquished.

Grand Total: 81 creatures vanquished

Notes
Turn   | Place    | Note
-------+----------+-------------------------------------------
     0 | D:1      | Ashen the Ogre Ice Elementalist began the quest for the
                  | Orb.
     0 | D:1      | Reached XP level 1. HP: 16/16 MP: 3/3
   172 | D:1      | Reached XP level 2. HP: 17/26 MP: 0/5
   297 | D:1      | Reached skill level 1 in Fighting
   390 | D:1      | Found a faded altar of an unknown god.
   685 | D:1      | Reached XP level 3. HP: 33/33 MP: 4/7
   823 | D:1      | Found Gyzxeorghu's Magic Scroll Shop.
   831 | D:1      | Bought a scroll of identify for 22 gold pieces
   831 | D:1      | Bought a scroll of blinking for 82 gold pieces
   853 | D:1      | Learned a level 3 spell: Frozen Ramparts
   857 | D:1      | Learned a level 3 spell: Ozocubu's Armour
  1426 | D:2      | Reached XP level 4. HP: 28/42 MP: 4/8
  1435 | D:2      | Reached skill level 1 in Maces & Flails
  1435 | D:2      | Reached skill level 4 in Ice Magic
  1623 | D:2      | Found a glowing golden altar of the Shining One.
  1723 | D:2      | Reached XP level 5. HP: 49/49 MP: 7/9
  2117 | D:3      | Found Jyurgh's Assorted Antiques.
  2133 | D:3      | Bought a scroll labelled MIOGIH LUAXES for 24 gold pieces
  2133 | D:3      | Bought a scroll labelled ORPHYMUUPTU for 24 gold pieces
  2175 | D:2      | HP: 1/50 [gnoll/boomerang (8)]
  2503 | D:3      | Noticed Grinder
  2668 | D:3      | Noticed Robin
  2938 | D:3      | Killed Robin
  2977 | D:3      | Noticed Jessica
  2987 | D:3      | Killed Jessica
  2988 | D:3      | Reached XP level 6. HP: 57/59 MP: 4/11
  2999 | D:3      | Paralysed by Grinder for 5 turns
  3003 | D:3      | Slain by Grinder

Illustrated notes

Levels and vault maps discovered:
D:1:      saegor_arrival_simple_e, layout_loops_cross,
          shapermc_ecumenical_altar_notcrosses, serial_shops, shop,
          minmay_gold_behind_fungi, lemuel_old_faithful
D:2:      layout_basic, basic_altar
D:3:      minmay_chambers_of_threes, layout_rooms, lemuel_tele_altar,
          serial_shops, shop, uniq_jessica, uniq_pargi, uniq_robin, uniq_grinder

Skill      XL: |  1  2  3  4 |
---------------+-------------+-----
Dodging        | 2 |  2.7
Fighting       | 1 2 |  2.8
Maces & Flails | 1 |  1.5
Stealth        | 2 |  2.3
Spellcasting   | 3 |  3.5
Ice Magic      | 4 |  4.2
Shields        | |  0.1

Action                   |  1- 3 |  4- 6 || total
-------------------------+-------+-------++-------
Melee: Unarmed           |    11 |       ||    11
       Club              |     6 |     8 ||    14
       Flail             |       |     8 ||     8
 Cast: Freeze            |    49 |    50 ||    99
       Frozen Ramparts   |     1 |     6 ||     7
  Use: Scroll            |     1 |     1 ||     2
 Stab: Sleeping          |       |     1 ||     1
Armor: Robe              |    13 |     8 ||    21
Dodge: Dodged            |    25 |    46 ||    71
Block: Tower shield      |    16 |     9 ||    25
